 Dungeon Crawl Stone Soup version 0.31.0-1-g2c135a008e (webtiles) character file.

Game seed: 16487625402025463868

305 qw the Shooter (level 6, -4/47 HPs)
             Began as a Djinni Hunter on Jan 24, 2024.
             Killed from afar by Blork the orc (19 damage)
             ... with a puff of frost
             ... on level 4 of the Dungeon.
             The game lasted 00:00:14 (3183 turns).

qw the Shooter (Djinni Hunter)                      Turns: 3183, Time: 00:00:14

Health: -4/47      AC:  9    Str: 10    XL:     6   Next: 67%
Gold:   167        EV: 11    Int: 10    God:
                   SH:  0    Dex: 19

rFire   + + +        a - +0 shortbow
rCold   x . .        (shield currently unavailable)
rNeg    + . .        b - +2 ring mail of Mutualism {*Corrode rElec rF+ Regen+}
rPois   inf          (no helmet)
rElec   +            c - +1 cloak
rCorr   .            (no gloves)
SInv    .            (boots unavailable)
Will    .....        (no amulet)
Stlth   +            i - ring of positive energy
HPRegen 1.07/turn    (no ring)
MPRegen 0.00/turn

%: corrode self (3%), infuse magic (-5 HP)
@: flying
A: sickness immunity, fire resistance 2, cold vulnerability 1, float, innate
caster, HP casting, extra vitality 1
a: no special abilities


You were on level 4 of the Dungeon.
You visited 1 branch of the dungeon, and saw 4 of its levels.
You also visited: Sewer.

You collected 230 gold pieces.
You spent 63 gold pieces at shops.


Innate Abilities, Weirdness & Mutations

You are immune to sickness and miasma.
You are immune to poison.
Your flesh is very heat resistant. (rF++)
You are vulnerable to cold. (rC-)
You float through the air rather than walking.
You learn spells naturally, not from books.
Your magical power is your life essence.
You have superior vitality. (+4 MHP)


   Skills:
 - Level 4.0 Fighting
 + Level 5.0 Ranged Weapons
 - Level 1.3 Armour
 - Level 3.0 Dodging
 - Level 0.7 Stealth


You knew the following spells:

 Your Spells              Type           Power      Damage    Failure   Level
a - Foxfire               Conj/Fire      0%         2x1d4     67%         1
b - Momentum Strike       Conj/Tloc      0%         3d8       82%         2
Your spell library was empty.

Inventory:

Hand Weapons
 a - a +0 shortbow (weapon)
Armour
 b - the +2 ring mail of Mutualism (worn) {*Corrode rElec rF+ Regen+}
   (You found it on level 2 of the Dungeon)

   rF+:       It protects you from fire.
   rElec:     It insulates you from electricity.
   Regen+:    It increases your rate of health regeneration.
   *Corrode:  It may corrode you when you take damage.
 c - a +1 cloak (worn)
Jewellery
 i - a ring of positive energy (left hand)
Scrolls
 d - 2 scrolls of identify
 f - a scroll of teleportation
Potions
 e - a potion of haste
 g - 3 potions of enlightenment
 h - 3 potions of heal wounds
 j - a potion of curing {unknown}

Dungeon Overview and Level Annotations

Branches:
Dungeon (4/15)              Sewer (visited)
 Temple: D:4-7

Altars:
Ashenzari

Shops:
D:3 [

Annotations:
D:4 Blork the orc


Message History

Blork the orc shouts!
You shoot an arrow. The arrow hits Blork the orc.
Blork the orc is lightly wounded.
You shoot an arrow.
The arrow completely misses Blork the orc.
Blork the orc casts a spell at you. The magic dart hits you.
You shoot an arrow. The arrow hits Blork the orc!
Blork the orc is heavily wounded.
You shoot an arrow. The arrow hits Blork the orc.
Blork the orc is heavily wounded.
Blork the orc looks encouraged for a moment.
You shoot an arrow. The arrow hits Blork the orc.
Blork the orc is severely wounded.
Blork the orc points at you and mumbles some strange words.
The puff of frost hits you!
You feel a terrible chill!
You shoot an arrow. The arrow hits Blork the orc.
Blork the orc is severely wounded.
Blork the orc miscasts a cantrip.
You shoot an arrow. The arrow barely misses Blork the orc.
You shoot an arrow.
The arrow hits Blork the orc but does no damage.
Blork the orc is severely wounded.
Blork the orc points at you and mumbles some strange words.
The magic dart hits you!
You shoot an arrow. The arrow barely misses Blork the orc.
Blork the orc barely misses you.
Blork the orc mumbles some strange words.
Blork the orc seems to speed up.
You shoot an arrow. The arrow hits Blork the orc!
Blork the orc is almost dead.
Blork the orc barely misses you.
You shoot an arrow.
The arrow hits Blork the orc but does no damage.
Blork the orc is almost dead.
Blork the orc casts a spell at you. The puff of frost hits you!
You feel a terrible chill!
Blork the orc points at you and mumbles some strange words.
The puff of frost hits you!!
You feel a terrible chill!
You die...

#........#.#.....#....
#####.####.#.....#....
#.# #.###+##'##+# #.#
### #....##.# ## #.#
#.......# .. #.#
#....#### ####.##.###
#........ .........<#
#......#. .....##@###
#....#.#. ####
#.o......#....#.#.
....##...#........
.....# #.....###
.=..... ####'#.###
#......## #....#....
#......#####....#####
#......#...#..).# #
#...####.# #


You could see Blork the orc (fast).

Vanquished Creatures
  A kobold brigand (Sewer)
  A hound (D:4)
  8 adders
  3 river rats
  4 dart slugs
  A ribbon worm (D:2)
  3 orcs
  14 endoplasms
  3 giant cockroaches
  9 goblins
  9 hobgoblins
  5 jackals
  9 kobolds
  5 quokkas
  7 ball pythons
  5 bats
  2 frilled lizards
  A rat (Sewer)
90 creatures vanquished.

Notes
Turn   | Place    | Note
-------+----------+-------------------------------------------
     0 | D:1      | qw the Djinni Hunter began the quest for the Orb.
     0 | D:1      | Reached XP level 1. HP: 18/18 MP: 0/0
     0 | D:1      | 0 ||| qw: Version: 0.3-a-136-gdd3b4e8
     0 | D:1      | 0 ||| qw: Game counter: 1254
     0 | D:1      | 0 ||| qw: Melee chars always use a shield: true
     0 | D:1      | 0 ||| qw: God list: Okawaru
     0 | D:1      | 0 ||| qw: Allow faded altars: false
     0 | D:1      | 0 ||| qw: Do Orc after clearing Dungeon:15 true
     0 | D:1      | 0 ||| qw: Do second Lair branch before Depths: true
     0 | D:1      | 0 ||| qw: Lair rune preference: random
     0 | D:1      | 0 ||| qw: Goals: Normal
     0 | D:1      | 0 ||| PLANNING D:1-11
    71 | D:1      | Reached XP level 2. HP: 23/23 MP: 0/0
   452 | D:1      | 452 ||| READING scroll labelled LEAXKU YGOU.
   553 | D:1      | 553 ||| READING scroll labelled XOHI JYTATWO.
   554 | D:1      | 554 ||| READING scroll labelled KYLYCI OR ALA.
   554 | D:1      | 554 ||| IDENTIFYING murky puce potion
   555 | D:1      | 555 ||| READING scroll labelled WOPSONUJIZ.
   556 | D:1      | 556 ||| DROPPING scroll of butterflies.
   594 | D:2      | Identified the +2 ring mail of Mutualism {*Corrode rElec
                  | rF+ Regen+}
   612 | D:2      | Reached skill level 4 in Ranged Weapons
   612 | D:2      | Reached XP level 3. HP: 15/28 MP: 0/0
   612 | D:2      | Learned a level 1 spell: Foxfire
   764 | D:2      | Reached XP level 4. HP: 32/34 MP: 0/0
   770 | D:2      | Reached skill level 3 in Fighting
   941 | D:2      | Found a faded altar of an unknown god.
  1118 | D:2      | You are sucked into a shaft and drop 1 floor!
  1148 | D:3      | Found Beusyabb's Armour Emporium.
  1148 | D:3      | Noticed an animated plate armour
  1148 | D:3      | Noticed an animated pearl dragon scales
  1174 | D:3      | 1174 ||| UPGRADING to +2 ring mail of Mutualism {*Corrode
                  | rElec rF+ Regen+}.
  1185 | D:3      | Reached skill level 3 in Dodging
  1185 | D:3      | 1185 ||| UPGRADING to +2 ring mail of Mutualism {*Corrode
                  | rElec rF+ Regen+}.
  1190 | D:3      | 1190 ||| DROPPING +0 leather armour.
  1193 | D:3      | 1193 ||| BUYING +0 cloak (63 gold).
  1193 | D:3      | Bought a +0 cloak for 63 gold pieces
  1193 | D:3      | 1193 ||| SHOPLISTING +0 pair of gloves of strength (161
                  | gold, have 36).
  1193 | D:3      | 1193 ||| SHOPLISTING +1 troll leather armour (308 gold,
                  | have 36).
  1193 | D:3      | 1193 ||| SHOPLISTING +2 ring mail of cold resistance (294
                  | gold, have 36).
  1193 | D:3      | 1193 ||| UPGRADING to +0 cloak.
  1307 | D:3      | 1307 ||| UPGRADING to ring of positive energy.
  1308 | D:3      | 1308 ||| READING 4 scrolls of identify.
  1308 | D:3      | 1308 ||| IDENTIFYING grey potion
  1309 | D:3      | 1309 ||| READING 3 scrolls of identify.
  1309 | D:3      | 1309 ||| IDENTIFYING sedimented blue potion
  1310 | D:3      | 1310 ||| READING 2 scrolls of identify.
  1310 | D:3      | 1310 ||| IDENTIFYING fuming sapphire potion
  1311 | D:3      | 1311 ||| READING scroll of identify.
  1311 | D:3      | 1311 ||| IDENTIFYING scroll labelled ZAKOTE KERIQO
  1312 | D:3      | 1312 ||| READING 2 scrolls labelled TEYMIEDGHOE.
  1315 | D:3      | 1315 ||| DROPPING potion of invisibility.
  1316 | D:3      | 1316 ||| DROPPING scroll of fog.
  1317 | D:3      | 1317 ||| Stepping randomly (stuck).
  1318 | D:3      | 1318 ||| Stepping randomly (stuck).
  1319 | D:3      | 1319 ||| Stepping randomly (stuck).
  1320 | D:3      | 1320 ||| Stepping randomly (stuck).
  1321 | D:3      | 1321 ||| Stepping randomly (stuck).
  1322 | D:3      | 1322 ||| Stepping randomly (stuck).
  1323 | D:3      | 1323 ||| Stepping randomly (stuck).
  1324 | D:3      | 1324 ||| Stepping randomly (stuck).
  1325 | D:3      | 1325 ||| Stepping randomly (stuck).
  1326 | D:3      | 1326 ||| Stepping randomly (stuck).
  1333 | D:3      | 1333 ||| Stepping randomly (stuck).
  1334 | D:3      | 1334 ||| Stepping randomly (stuck).
  1335 | D:3      | 1335 ||| Stepping randomly (stuck).
  1336 | D:3      | 1336 ||| Stepping randomly (stuck).
  1337 | D:3      | 1337 ||| Stepping randomly (stuck).
  1338 | D:3      | 1338 ||| Stepping randomly (stuck).
  1339 | D:3      | 1339 ||| Stepping randomly (stuck).
  1340 | D:3      | 1340 ||| Stepping randomly (stuck).
  1341 | D:3      | 1341 ||| Stepping randomly (stuck).
  1342 | D:3      | 1342 ||| Stepping randomly (stuck).
  1343 | D:3      | 1343 ||| Stepping randomly (stuck).
  1344 | D:3      | 1344 ||| Stepping randomly (stuck).
  1345 | D:3      | 1345 ||| Stepping randomly (stuck).
  1346 | D:3      | 1346 ||| Stepping randomly (stuck).
  1347 | D:3      | 1347 ||| Stepping randomly (stuck).
  1348 | D:3      | 1348 ||| Stepping randomly (stuck).
  1349 | D:3      | 1349 ||| Stepping randomly (stuck).
  1350 | D:3      | 1350 ||| Stepping randomly (stuck).
  1351 | D:3      | 1351 ||| Stepping randomly (stuck).
  1352 | D:3      | 1352 ||| Stepping randomly (stuck).
  1353 | D:3      | 1353 ||| Stepping randomly (stuck).
  1354 | D:3      | 1354 ||| Stepping randomly (stuck).
  1355 | D:3      | 1355 ||| Stepping randomly (stuck).
  1356 | D:3      | 1356 ||| Stepping randomly (stuck).
  1357 | D:3      | 1357 ||| Stepping randomly (stuck).
  1358 | D:3      | 1358 ||| Stepping randomly (stuck).
  1359 | D:3      | 1359 ||| Stepping randomly (stuck).
  1360 | D:3      | 1360 ||| Stepping randomly (stuck).
  1362 | D:3      | 1362 ||| Stepping randomly (stuck).
  1365 | D:3      | 1365 ||| Stepping randomly (stuck).
  1366 | D:3      | 1366 ||| Stepping randomly (stuck).
  1367 | D:3      | 1367 ||| Stepping randomly (stuck).
  1368 | D:3      | 1368 ||| Stepping randomly (stuck).
  1369 | D:3      | 1369 ||| Stepping randomly (stuck).
  1370 | D:3      | 1370 ||| Stepping randomly (stuck).
  1371 | D:3      | 1371 ||| Stepping randomly (stuck).
  1372 | D:3      | 1372 ||| Stepping randomly (stuck).
  1373 | D:3      | 1373 ||| Stepping randomly (stuck).
  1374 | D:3      | 1374 ||| Stepping randomly (stuck).
  1375 | D:3      | 1375 ||| Stepping randomly (stuck).
  1376 | D:3      | 1376 ||| Stepping randomly (stuck).
  1377 | D:3      | 1377 ||| READING scroll of teleportation.
  1383 | D:3      | Reached XP level 5. HP: 40/40 MP: 0/0
  1383 | D:3      | Learned a level 2 spell: Momentum Strike
  1413 | D:3      | 1413 ||| FLEEEEING.
  1414 | D:3      | 1414 ||| STAIRDANCE
  1457 | D:2      | Reached skill level 1 in Armour
  2567 | D:3      | 2567 ||| READING 3 scrolls of identify.
  2567 | D:3      | 2567 ||| IDENTIFYING scroll labelled NOWNYP FANOAMO
  2568 | D:3      | 2568 ||| READING scroll of enchant armour.
  2568 | D:3      | 2568 ||| ENCHANTING +0 cloak.
  2585 | D:4      | 2585 ||| PLANNING SEWER
  2693 | D:4      | Reached XP level 6. HP: 46/46 MP: 0/0
  2704 | D:4      | Found a glowing drain.
  2711 | Sewer    | Entered a sewer
  2722 | Sewer    | Reached skill level 5 in Ranged Weapons
  2825 | Sewer    | Found a glowing silver altar of Zin.
  2863 | D:4      | 2863 ||| PLANNING D:1-11
  3071 | D:4      | Found a broken altar of Ashenzari.
  3172 | D:4      | Noticed Blork the orc
  3183 | D:4      | Killed from afar by Blork the orc

Levels and vault maps discovered:
D:1:      erik_arrival_blinker_ship, layout_rooms, grunt_decor_arrowhead
D:2:      minmay_diamond_boxcup, layout_loops_ring, basic_ecumenical_altar,
          minmay_indecisive_spiral
D:3:      layout_loops_corners, nicolae_overflow_crystal_walls, serial_shops,
          nicolae_shop_mannequins
D:4:      layout_basic, mainiacjoe_overflow_24_doors, portal_sewer_entry_b,
          uniq_blork_the_orc

Skill      XL: |  1  2  3  4  5  6 |
---------------+-------------------+-----
Ranged Weapons | 4 5 |  5.0
Fighting       | 3 4 |  4.0
Dodging        | 3 |  3.0
Armour         | 1 |  1.3
Stealth        | |  0.7

Action                     |  1- 3 |  4- 6 || total
---------------------------+-------+-------++-------
   Fire: Shortbow          |    82 |   243 ||   325
    Use: Scroll            |     4 |     8 ||    12
 Armour: Leather armour    |    26 |    21 ||    47
         Ring mail         |       |    58 ||    58
         Skin              |       |     1 ||     1
  Dodge: Dodged            |    23 |    86 ||   109

Table legend:
 A = Non-vault XP
 B = Vault XP
 C = Vault XP percentage of total XP
 D = Non-vault monster count
 E = Vault monster count
 F = Vault count percentage of total count
                 A         B        C        D         E       F
            +---------+---------+-------+---------+---------+-------
      Total |     237 |     200 |  45.8 |      65 |      25 |  27.8
            +---------+---------+-------+---------+---------+-------
        D:1 |      27 |       0 |   0.0 |      16 |       0 |   0.0
        D:2 |      76 |      47 |  38.2 |      13 |      12 |  48.0
        D:3 |      49 |       0 |   0.0 |      17 |       0 |   0.0
        D:4 |      85 |      15 |  15.0 |      19 |       2 |   9.5
      Sewer |       0 |     138 | 100.0 |       0 |      11 | 100.0
            +---------+---------+-------+---------+---------+-------
